 Dungeon Crawl Stone Soup version 0.18-a0-1292-ge8ad84c (webtiles) character file.

401 Lathuz the Shield-Bearer (level 6, -3/51 HPs)
             Began as a Minotaur Fighter on Feb 9, 2016.
             Was an Initiate of Okawaru.
             Slain by YrmMerkstave's ghost (8 damage)
             ... on level 4 of the Dungeon.
             The game lasted 00:07:48 (3353 turns).

Lathuz the Shield-Bearer (Minotaur Fighter)         Turns: 3353, Time: 00:07:49

Health: -3/51      AC: 10    Str: 20    XL:     6   Next: 54%
Magic:  5/5        EV:  8    Int:  5    God:    Okawaru [......]
Gold:   205        SH: 10    Dex: 12    Spells: 0 memorised, 5 levels left

rFire  . . .     SeeInvis .     a - +0 long sword
rCold  . . .     Gourm    .     b - +0 scale mail
rNeg   + . .     Faith    .     c - +0 shield
rPois  .         Spirit   .     (helmet restricted)
rElec  .         Dismiss  .     (no cloak)
rCorr  .         Reflect  .     (no gloves)
SustAt .         Harm     .     (no boots)
MR     .....                    (no amulet)
Stlth  ..........               v - +4 ring of protection
                                n - ring of positive energy

@: not resistant to hostile enchantments, extremely unstealthy
A: retaliatory headbutt, horns 2
a: Renounce Religion


You were on level 4 of the Dungeon.
You worshipped Okawaru.
Okawaru was noncommittal.
You were not hungry.

You visited 1 branch of the dungeon, and saw 4 of its levels.

You collected 205 gold pieces.

Inventory:

Hand Weapons
 a - a +0 long sword (weapon)
Missiles
 h - 124 stones (quivered)
 w - 4 tomahawks
Armour
 b - a +0 scale mail (worn)
 c - a +0 shield (worn)
Jewellery
 n - a ring of positive energy (left hand)
 o - an uncursed ring of see invisible
 v - a +4 ring of protection (right hand)
 x - a +2 ring of dexterity {unknown}
Scrolls
 e - a scroll of random uselessness {unknown}
 j - 5 scrolls of identify
 l - a scroll of enchant weapon {unknown}
 s - a scroll of magic mapping {unknown}
 t - a scroll of blinking {unknown}
 y - a scroll of enchant armour {unknown}
Potions
 d - 2 potions of might
 g - 2 potions of heal wounds {unknown}
 i - a potion of cure mutation {unknown}
 m - a potion of lignification {unknown}
 q - a potion of invisibility {unknown}
 r - 2 potions of haste {unknown}
Comestibles
 f - a bread ration
 k - 8 fruits
 p - a beef jerky
 u - 10 chunks of flesh


   Skills:
 - Level 3.6 Fighting
 + Level 6.3 Long Blades
 - Level 3.6 Armour
 + Level 6.7 Shields


You had 5 spell levels left.
You didn't know any spells.

Dungeon Overview and Level Annotations

Branches:
Dungeon (4/15)
 Temple: D:4-7

Altars:
Ashenzari
Cheibriados
Elyvilon
Fedhas
Kikubaaqudgha
Makhleb
Nemelex Xobeh
Okawaru
Yredelemnul

Shops:
D:4 *

Annotations:
D:4 YrmMerkstave's ghost, amateur DrTm


Innate Abilities, Weirdness & Mutations

You reflexively headbutt those who attack you in melee.
You have a pair of horns on your head.


Message History

Your shield and scale mail prevent you from hitting YrmMerkstave's ghost.
Your headbutt misses YrmMerkstave's ghost.
YrmMerkstave's ghost is heavily damaged.
YrmMerkstave's ghost hits you but does no damage.
Your scale mail prevents you from hitting YrmMerkstave's ghost.
YrmMerkstave's ghost is heavily damaged.
YrmMerkstave's ghost barely misses you.
You miss YrmMerkstave's ghost.
YrmMerkstave's ghost is heavily damaged.
You block YrmMerkstave's ghost's attack.
You barely miss YrmMerkstave's ghost.
YrmMerkstave's ghost is heavily damaged.
YrmMerkstave's ghost hits you.
* * * LOW HITPOINT WARNING * * *
YrmMerkstave's ghost hits you!
* * * LOW HITPOINT WARNING * * *
You miss YrmMerkstave's ghost. You headbutt YrmMerkstave's ghost!
YrmMerkstave's ghost is severely damaged.
YrmMerkstave's ghost hits you!
You die...

...... #..###.......
....... #..# ##......
.......## #..## ##.....
........## ##..# ##..##
.$$......####..# ####
............#..###
.................##
..................######
......W@...........##...
.$....†...............##
.....................###
.........(..........##
....................#
......._.....).....##
..................##
..##..............
######


You could see YrmMerkstave's ghost.

Vanquished Creatures
  A sky beast (D:3)
  A scorpion (D:4)
  A hound (D:4)
  An orc wizard (D:4)
  A worker ant (D:4)
  3 adders
  4 gnolls
  3 oozes
  An adder skeleton (D:4)
  2 worms
  2 giant geckos
  12 orcs
  A giant cockroach (D:3)
  3 goblins
  7 hobgoblins
  12 jackals
  8 bats
  4 giant newts
  10 kobolds
  7 rats
84 creatures vanquished.

Vanquished Creatures (others)
  Jessica (D:3)
1 creature vanquished.

Grand Total: 85 creatures vanquished

Notes
Turn   | Place    | Note
--------------------------------------------------------------
     0 | D:1      | Lathuz the Minotaur Fighter began the quest for the Orb.
     0 | D:1      | Reached XP level 1. HP: 19/19 MP: 0/0
   233 | D:1      | Reached XP level 2. HP: 16/26 MP: 1/1
   445 | D:1      | Reached skill level 4 in Shields
  1047 | D:2      | Reached XP level 3. HP: 28/31 MP: 2/2
  1538 | D:1      | Reached XP level 4. HP: 35/39 MP: 3/3
  1602 | D:2      | Reached skill level 5 in Shields
  1651 | D:2      | Found a blossoming altar of Fedhas.
  1939 | D:3      | Killed Jessica
  2106 | D:3      | Found a white marble altar of Elyvilon.
  2330 | D:3      | Reached XP level 5. HP: 45/45 MP: 4/4
  2337 | D:3      | Noticed a sky beast
  2343 | D:3      | Killed a sky beast
  2343 | D:3      | Reached skill level 5 in Long Blades
  2343 | D:3      | Reached skill level 6 in Shields
  2712 | D:3      | Found an iron altar of Okawaru.
  2715 | D:3      | Found a burning altar of Makhleb.
  2720 | D:3      | Became a worshipper of Warmaster Okawaru
  2726 | D:3      | Found a sparkling altar of Nemelex Xobeh.
  2735 | D:3      | Found an ancient bone altar of Kikubaaqudgha.
  2736 | D:3      | Found a basalt altar of Yredelemnul.
  2883 | D:4      | Found a shattered altar of Ashenzari.
  2915 | D:4      | Reached XP level 6. HP: 31/51 MP: 5/5
  3094 | D:4      | Found Zoenneg's Assorted Antiques.
  3300 | D:4      | Found a snail-covered altar of Cheibriados.
  3304 | D:4      | Noticed YrmMerkstave's ghost (amateur DrTm)
  3353 | D:4      | Slain by YrmMerkstave's ghost

Vault maps used:
D:1:      dpeg_arrival_arbitrary_c, roderic_chinese_pattern_swastika,
          serial_park_tiny_2
D:2:      lemuel_round_altar
D:3:      elyvilon_altar_4, minitemple, uniq_jessica
D:4:      nicolae_ashenzari_panopticon, cheibriados_altar_1, serial_shops, shop,
          first_bread, serial_park_tiny_1

Action                   |  1- 3 |  4- 6 || total
-------------------------+-------+-------++-------
Melee: Long sword        |    97 |   161 ||   258
  Use: Scroll            |     1 |     2 ||     3
  Eat: Chunk             |     2 |     6 ||     8
